 Adventure DCSS version bcrawl-1.27.3 (webtiles) character file.

Game seed: 15743163041902478203

134938 galech the Skirmisher (level 4, 35/35 HPs)
             Began as a Demonspawn Fighter on Aug 4, 2020.
             Quit the game on level 2 of the Dungeon.
             The game lasted 00:01:17 (1449 turns).

galech the Skirmisher (Demonspawn Fighter)          Turns: 1449, Time: 00:01:17

Health: 35/35      AC:  6    Str: 16    XL:     4   Next: 0%
Magic:  4/4        EV:  5    Int:  9    God:
Gold:   77         SH:  9    Dex: 14    Spells: 3/3 levels left
                                        Lives:  2   Deaths: 0

rFire    . . .     SeeInvis .   a - +0 war axe
rCold    . . .     Gourm    .   c - +0 medium shield
rNeg     . . .     Faith    .   b - +0 scale mail
rPois    .         Spirit   +   (no helmet)
rElec    .         Reflect  .   (no cloak)
rCorr    .         Harm     .   (no gloves)
MR       .....                  (no boots)
Stlth    +.........             (no amulet)
HPRegen  0.11/turn              (no ring)
MPRegen  0.09/turn              (no ring)

@: no status effects
A: hooves 1, nightstalker 1, magic shield
a: no special abilities


You were on level 2 of the Dungeon.
You were not hungry.

You visited 1 branch of the dungeon, and saw 2 of its levels.

You collected 77 gold pieces.

Inventory:

Hand Weapons
 a - a +0 war axe (weapon)
Armour
 b - a +0 scale mail (worn)
 c - a +0 medium shield (worn)
Scrolls
 g - 2 scrolls of identify
 h - 2 scrolls of teleportation {unknown}
 i - 2 scrolls of enchant weapon {unknown}
 l - a scroll of fog {unknown}
Potions
 d - a potion of might
 f - a potion of curing {unknown}
 k - a potion of agility {unknown}
Comestibles
 e - 3 rations {!d}


   Skills:
 + Level 3.3 Fighting
 + Level 2.6 Axes
 + Level 3.1 Armour
 + Level 0.4 Dodging
 + Level 0.8 Stealth
 + Level 3.1 Shields


You had 3 spell levels left.
You didn't know any spells.
Your spell library was empty.

Dungeon Overview and Level Annotations

Branches:
Dungeon (2/12)

Altars:
Ashenzari


Innate Abilities, Weirdness & Mutations

You have large cloven feet.
You are slightly more attuned to the shadows.
When hurt, damage is shared between your health and your magic reserves.


Message History

The worm is too close now for your liking.
You slash the worm! You kick the worm.
The worm is heavily wounded.
The worm barely misses you.
Your shield and scale mail prevent you from hitting the worm.
You kick the worm.
The worm is heavily wounded.
The worm completely misses you.
Your shield and scale mail prevent you from hitting the worm.
The worm is heavily wounded.
You block the worm's attack.
You hit the worm. You kick the worm.
The worm is almost dead.
The worm completely misses you.
You slash the worm!
You kill the worm!
You have reached level 4!
You feel agile.
Your demonic ancestry asserts itself...
You slip into the darkness of the dungeon.
Are you sure you want to abandon this character and quit the game? (Confirm with "yes".)

#).# #.## #+
#.# #.#^##
#.# #.....
#.# ##....# #
#.######
##...#.# #.#
#......#
#.[....##.#.#
#.####.#
#..........#
#....#
#.†@.##.#
##.##.#
#..#....#
#..# ..
#####.###
#..# .#
#####.#..#
...# #
#...#.##.##
.#.#
##...#..#..#
.#...
#....#.8##.##
.######
#⌠_.)...##..#
......#
#..PP#..###.#


There were no monsters in sight!

Vanquished Creatures
  An adder (D:2)
  An ooze (D:1)
  5 worms (D:2)
  A dart slug (D:2)
  A leopard gecko (D:1)
  4 goblins (D:1)
  6 hobgoblins
  A quokka (D:2)
  7 bats (D:1)
  A frilled lizard (D:1)
  5 kobolds
  6 rats (D:1)
39 creatures vanquished.

Notes
Turn   | Place    | Note
-------+----------+-------------------------------------------
     0 | D:1      | galech the Demonspawn Fighter began the quest for the Orb.
     0 | D:1      | Reached XP level 1. HP: 18/18 MP: 1/1
    74 | D:1      | Gained mutation: When hurt, damage is shared between your
                  | health and your magic reserves. [demonic ancestry]
    74 | D:1      | Reached XP level 2. HP: 15/24 MP: 2/2
   405 | D:1      | Gained mutation: You have large cloven feet. [demonic
                  | ancestry]
   405 | D:1      | Reached XP level 3. HP: 29/29 MP: 3/3
   854 | D:2      | Found a shattered altar of Ashenzari.
  1398 | D:2      | Found a faded altar of an unknown god.
  1448 | D:2      | Gained mutation: You are slightly more attuned to the
                  | shadows. [demonic ancestry]
  1448 | D:2      | Reached XP level 4. HP: 35/35 MP: 4/4
  1449 | D:2      | Quit the game

Skill      XL: |  1  2 |
---------------+-------+-----
Axes           | 2 |  2.6
Shields        | 3 |  3.1
Armour         | 3 |  3.1
Fighting       | |  3.3
Dodging        | |  0.4
Stealth        | |  0.8

Action                   |  1- 3 |  4- 6 || total
-------------------------+-------+-------++-------
Melee: War axe           |   109 |       ||   109
       Kick              |    16 |       ||    16
  Eat: Chunk             |     6 |       ||     6
Armor: Scale mail        |    52 |       ||    52
Dodge: Dodged            |    24 |       ||    24
Block: Medium shield     |    48 |       ||    48
